 Dungeon Crawl Stone Soup version 0.29-a0-234-g0dae59b3db (webtiles) character file.

Game seed: 16724018909096317860

399 spaghetti the Slasher (level 6, -9/45 HPs)
             Began as an Octopode Chaos Knight on Mar 3, 2022.
             Was a Plaything of Xom.
             Mangled by an orc warrior
             ... wielding a +0 short sword
              (18 damage)
             ... on level 5 of the Dungeon.
             The game lasted 00:04:37 (3311 turns).

spaghetti the Slasher (Octopode Chaos Knight)       Turns: 3311, Time: 00:04:38

Health: -9/45      AC:  1    Str: 12    XL:     6   Next: 84%
Magic:  6/6        EV: 13    Int: 14    God:    Xom [..*...]
Gold:   179        SH:  0    Dex: 13    Spells: 5/5 levels left

rFire   . . .      SeeInvis .   a - +0 falchion (chaos) {long}
rCold   . . .      Faith    .   (no shield)
rNeg    . . .      Spirit   .   (helmet restricted)
rPois   .          Reflect  .   (no amulet)
rElec   .          Harm     .   g - +4 ring of slaying
rCorr   .          Rampage  .   (no ring)
Will    .....      Clarity  +   (no ring)
Stlth   ++........              (no ring)
HPRegen 0.15/turn               (no ring)
MPRegen 0.10/turn               (no ring)
                                (no ring)
                                (no ring)

@: no status effects
A: almost no armour, amphibious, 8 rings, camouflage 1, gelatinous body 1,
(nimble swimmer 1), tentacles, tentacle spike 1, clarity, subdued magic 1
a: Renounce Religion


You were on level 5 of the Dungeon.
You worshipped Xom.
You were a toy of Xom.
You visited 1 branch of the dungeon, and saw 5 of its levels.

You collected 179 gold pieces.


Innate Abilities, Weirdness & Mutations

You cannot wear most types of armour.
You are amphibious.
You can wear up to eight rings at the same time.
Your skin changes colour to match your surroundings (Stealth+).
Your rubbery body absorbs attacks. (AC +1, EV +1)
((You are camouflaged when in or above water. (Stealth+)))
You have tentacles for arms and can constrict up to eight enemies at once.
One of your tentacles bears a spike.
You possess an exceptional clarity of mind.
Your spells are a little easier to cast, but a little less powerful.


   Skills:
 - Level 5.0 Fighting
 + Level 6.2 Long Blades
 - Level 2.3 Dodging


You had 5 spell levels left.
You didn't know any spells.
Your spell library contained the following spells:

 Spells                   Type           Power      Damage    Failure   Level
 Animate Skeleton         Necr           0%         N/A       24%         1
 Apportation              Tloc           0%         N/A       24%         1
 Shock                    Conj/Air       0%         1d3       24%         1
 Summon Small Mammal      Summ           0%         N/A       24%         1
 Confusing Touch          Hex            0%         N/A       61%         3
 Swiftness                Air            0%         N/A       61%         3
 Airstrike                Air            0%         N/A       95%         4
 Yara's Violent Unravell  Hex/Tmut       0%         3d3       100%        5
 Enfeeble                 Hex            0%         N/A       100%        7

Inventory:

Hand Weapons
 a - a +0 falchion of chaos (weapon) {long}
 e - a +3 short sword {short}
   (You took it off a kobold on level 1 of the Dungeon)
 p - a +2 vampiric trident {polearm}
   (You took it off an orc on level 3 of the Dungeon)
Missiles
 c - 100 stones (quivered) {throwing}
Jewellery
 g - a +4 ring of slaying (left tentacle)
   (You acquired it on level 2 of the Dungeon)
Wands
 n - a wand of flame (16)
   (You found it on level 3 of the Dungeon)
Scrolls
 h - 3 scrolls of teleportation {@r4}
 j - a scroll of immolation {!r!r}
 k - 2 scrolls of identify {@r1}
 l - a scroll of enchant weapon
Potions
 d - 2 potions of might
 f - a potion of attraction {!q}
 i - 2 potions of invisibility {unknown}
 m - a potion of lignification {unknown}
 o - a potion of curing {unknown}

Dungeon Overview and Level Annotations

Branches:
Dungeon (5/15)
 Temple: D:4-7

Altars:

Shops:
D:2

[
.......).###+#..#.#
......(<...........
##########......#
#.....$# #...o..#
........#o.#
##+######.S# #.o#
#.@# #..# #..# ####


You could see an orc warrior (ally target), 2 orcs and a friendly mana viper
(summoned).


Message History

* * * LOW HITPOINT WARNING * * *
😱 HP[-16]
You take 16 damage, and now have 8/45 hp.
MASSIVE DAMAGE!! (PAUSE)
You release your grip on the orc. 😱 HP[+1] Unknown command.
There is a stone staircase leading down here. 😱 HP[+1]
You climb downwards.
There is a stone staircase leading up here.
You start resting. 😎 HP[+35]
Your hp is fully restored (45).
You climb upwards.
The kobold hits you with a +0 dagger. The orc barely misses you.
The kobold completely misses you.
There is a stone staircase leading down here. 😕 HP[-3]
You take 3 damage, and now have 42/45 hp.
The orc hits you with a +0 short sword. The kobold hits you with a +0 dagger.
You climb downwards.
There is a stone staircase leading up here. 😕 HP[-4]
You take 4 damage, and now have 38/45 hp.
You closely miss the kobold. Your grab misses the kobold. The orc misses you.
The kobold hits you with a +0 dagger. 😕 HP[-2]
You take 2 damage, and now have 36/45 hp.
You miss the kobold. Your grab misses the kobold. The orc misses you.
You closely miss the kobold. You grab the kobold. You constrict the kobold.
The kobold misses you. The orc closely misses you.
You slash the kobold!
You kill the kobold!
The orc misses you.
You hit the orc. You freeze the orc. Your grab misses the orc.
You squeeze the orc.
You kill the orc!
No target in view!
No target in view!
No target in view!
No target in view!
No target in view!
No target in view!
You start resting. 😎 HP[+9]
Your hp is fully restored (45).
You climb upwards.
The orc closely misses you.
The orc warrior hits you with a +0 short sword!
The orc hits you with a +0 club.
There is a stone staircase leading down, spattered with blood here. 😮 HP[-19]
You take 19 damage, and now have 26/45 hp.
MASSIVE DAMAGE!! (PAUSE)
The orc hits you with a +0 whip. The orc warrior closely misses you.
You climb downwards.
There is a stone staircase leading up here. 😮 HP[-3]
You take 3 damage, and now have 23/45 hp.
Unknown command.
Unknown command.
Unknown command.
The orc warrior barely misses you. 😮 HP[+1]
The orc warrior barely misses you.
You closely miss the orc warrior. You grab the orc warrior.
You constrict the orc warrior, but do no damage.
The orc warrior hits you with a +0 short sword!
* * * LOW HITPOINT WARNING * * *
😨 HP[-7]
You take 7 damage, and now have 17/45 hp.
You completely miss the orc warrior.
You constrict the orc warrior, but do no damage.
The orc warrior hits you with a +0 short sword!
* * * LOW HITPOINT WARNING * * *
😱 HP[-9]
You take 9 damage, and now have 8/45 hp.
Press: ? - help, v - describe, . - travel
Here: an orc warrior, wielding a +0 short sword and wearing a +0 chain mail (constricted by you)
The floor.
Unknown command.
Okay, then.
Okay, then.
You don't know any spells.
You release your grip on the orc warrior. 😱 HP[+1] Xom's power flows through you!
A mana viper appears with a sibilant hiss.
Your mana viper misses the orc warrior.
You don't have any such object.
Evoke which item? (* to show all) (? for menu, Esc to quit)
Okay, then.
It was a potion of mutation.
You feel extremely strange.
Your connection to magic feels subdued.
Xom thinks this is hilarious!
Your thoughts seem clearer.
One of your lower tentacles grows a sharp spike.
Xom roars with laughter!
Your mana viper closely misses the orc warrior.
The orc warrior hits you with a +0 short sword!!
You die...

Skill      XL: |  1  2  3  4  5  6 |
---------------+-------------------+-----
Long Blades    | 4 5 6 |  6.2
Fighting       | 4 5 |  5.0
Dodging        | |  2.3

Action                   |  1- 3 |  4- 6 || total
-------------------------+-------+-------++-------
Melee: Falchion          |    21 |    31 ||    52
       Constrict         |     9 |    17 ||    26
       Short sword       |    19 |    27 ||    46
       Tentacles         |     4 |    15 ||    19
       Trident           |       |     5 ||     5
       Punch             |       |     1 ||     1
Throw: Stone             |       |     2 ||     2
  Use: Scroll            |     7 |     2 ||     9
       Potion            |       |     1 ||     1
 Stab: Sleeping          |     3 |       ||     3
Armor: Skin              |     4 |     4 ||     8
Dodge: Dodged            |    16 |    48 ||    64

Levels and vault maps discovered:
D:1:      lemuel_arrival_funnel, layout_loops_corners,
          chequers_ecumenical_altar_simple, hangedman_decor_push
D:2:      layout_basic, serial_shops, nicolae_shop_waterfront,
          minmay_misc_feat_roman
D:3:      layout_basic
D:4:      layout_basic, minmay_temple_entry_enclosed_plants, serial_bayou,
          serial_bayou_lagoon_b, serial_bayou_crossing, serial_bayou_pond_e,
          serial_bayou_pond_c, enter_ossuary_4
D:5:      layout_basic, fiery_altar_vehumet, uniq_eustachio

Notes
Turn   | Place    | Note
-------+----------+-------------------------------------------
     0 | D:1      | spaghetti the Octopode Chaos Knight began the quest for the
                  | Orb.
     0 | D:1      | Reached XP level 1. HP: 16/16 MP: 1/1
     0 | D:1      | magus.rc [v1.9.6]
   234 | D:1      | Reached XP level 2. HP: 11/21 MP: 2/2
   836 | D:1      | XOM: cloud trail
   961 | D:1      | XOM: silly message
  1070 | D:1      | Found a faded altar of an unknown god.
  1078 | D:1      | You pick up a book of Cantrips and begin reading...
  1078 | D:1      | You add the spells Animate Skeleton, Summon Small Mammal
                  | and Apportation to your library.
  1097 | D:1      | Reached XP level 3. HP: 24/27 MP: 3/3
  1132 | D:1      | You pick up a book of Air and begin reading...
  1132 | D:1      | You add the spells Shock, Swiftness and Airstrike to your
                  | library.
  1276 | D:2      | Identified a scroll of acquirement
  1276 | D:2      | Acquired a +4 ring of slaying
  1518 | D:2      | Found Wywesm's Armour Emporium.
  1932 | D:3      | Noticed a necrophage
  1932 | D:3      | XOM: 1-stop teleportation journey
  1936 | D:4      | XOM: stealth player
  1938 | D:4      | You pick up a book of Misfortune and begin reading...
  1938 | D:4      | You add the spells Confusing Touch, Yara's Violent
                  | Unravelling and Enfeeble to your library.
  1944 | D:3      | XOM: butterfly on damage
  1946 | D:3      | Killed a necrophage
  1947 | D:3      | Reached skill level 4 in Long Blades
  1947 | D:3      | Reached XP level 4. HP: 25/33 MP: 4/4
  2110 | D:3      | XOM: scenery: 1 doors close
  2199 | D:3      | Reached XP level 5. HP: 37/37 MP: 5/5
  2310 | D:3      | Reached skill level 5 in Long Blades
  2554 | D:3      | XOM: god gift: 40 gold pieces
  2584 | D:4      | Reached skill level 4 in Fighting
  2702 | D:4      | Noticed an ogre
  2710 | D:4      | Killed an ogre
  2711 | D:4      | Reached XP level 6. HP: 31/45 MP: 6/6
  2713 | D:4      | Reached skill level 5 in Fighting
  2867 | D:4      | XOM: summons friendly crimson imp
  2871 | D:4      | Reached skill level 6 in Long Blades
  2925 | D:4      | XOM: god gift: scroll labelled MUSIMIJ JOPTAN {god gift}
  2976 | D:4      | Noticed an orc warrior
  2985 | D:4      | HP: 8/45 [orc/+2 dagger of electrocution (12)]
  2997 | D:5      | Entered Level 5 of the Dungeon
  3303 | D:5      | HP: 8/45 [orc warrior/+0 short sword (9)]
  3308 | D:5      | XOM: cast spell 'Summon Mana Viper'
  3311 | D:5      | Gained mutation: Your spells are a little easier to cast,
                  | but a little less powerful. [potion of mutation]
  3311 | D:5      | Gained mutation: You possess an exceptional clarity of
                  | mind. [potion of mutation]
  3311 | D:5      | Gained mutation: One of your tentacles bears a spike.
                  | [potion of mutation]
  3311 | D:5      | Mangled by an orc warrior

Vanquished Creatures
  2 ogres (D:4)
  A necrophage (D:3)
  An orc priest (D:3)
  An iguana (D:4)
  3 gnolls (D:3)
  An adder (D:2)
  A worm (D:2)
  3 dart slugs (D:1)
  8 orcs
  3 ball pythons
  6 endoplasms
  4 giant cockroaches
  7 goblins
  3 hobgoblins
  5 kobolds
  2 quokkas (D:4)
  3 bats
  5 rats
59 creatures vanquished.

Vanquished Creatures (others)
  An orc wizard (D:5)
  An orc (D:5)
  A plant (D:4)
3 creatures vanquished.

Grand Total: 62 creatures vanquished

Table legend:
 A = Non-vault XP
 B = Vault XP
 C = Vault XP percentage of total XP
 D = Non-vault monster count
 E = Vault monster count
 F = Vault count percentage of total count
                 A         B        C        D         E       F
            +---------+---------+-------+---------+---------+-------
      Total |     570 |       0 |   0.0 |      59 |       0 |   0.0
            +---------+---------+-------+---------+---------+-------
        D:1 |      36 |       0 |   0.0 |      18 |       0 |   0.0
        D:2 |      24 |       0 |   0.0 |       5 |       0 |   0.0
        D:3 |     204 |       0 |   0.0 |      20 |       0 |   0.0
        D:4 |     301 |       0 |   0.0 |      14 |       0 |   0.0
        D:5 |       5 |       0 |   0.0 |       2 |       0 |   0.0
            +---------+---------+-------+---------+---------+-------

Illustrated notes

Table legend:
 A = Kills in this place as a percentage of kills in entire the game.
 B = Kills by you in this place as a percentage of kills by you in the entire game.
 C = Kills by friends in this place as a percentage of kills by friends in the entire game.
 D = Other kills in this place as a percentage of other kills in the entire game.
 E = Experience gained in this place as a percentage of experience gained in the entire game.
 F = Experience gained in this place divided by the number of levels of this place that you have seen.
                   A       B       C       D       E      F
               +-------+-------+-------+-------+-------+----------------------
         Total | 100.0 | 100.0 |   N/A |   N/A | 100.0 | 114.0
       Dungeon | 100.0 | 100.0 |   N/A |   N/A | 100.0 | 114.0
               +-------+-------+-------+-------+-------+----------------------

Table legend: (Time is in decaauts)
 A = Elapsed time spent in this place.
 B = Non-inter-level travel time spent in this place.
 C = Inter-level travel time spent in this place.
 D = Time resting spent in this place.
 E = Time spent auto-exploring this place.
 F = Levels seen in this place.
 G = Mean time per level.
                   A        B        C        D        E       F      G
               +--------+--------+--------+--------+--------+-----+--------+
         Total |   3313 |   3223 |     90 |    759 |   2049 |   5 |  662.6 |
       Dungeon |   3313 |   3223 |     90 |    759 |   2049 |   5 |  662.6 |
               +--------+--------+--------+--------+--------+-----+--------+

Top non-repeatable levels by time:
     D:1: 1221 daAuts
     D:2: 774 daAuts
     D:3: 572 daAuts
     D:4: 434 daAuts
     D:5: 310 daAuts
